slyhack, chaotic female human Rogue --------- |.......d##### |.......| |.......| |<..^...+ --------- slyhack the Rogue Experience level: 6 Strength: 16 Dexterity: 18 Constitution: 15 Intelligence: 8 Wisdom: 9 Charisma: 10 Health: 7(7) Energy: 25(25) Def: 3 Gold: 253 Moves: 4558 Dungeon seed: QxLn8YJAsoO-dj3_ Game ID: slyhack_1475250701 Your Inventory: Coins $ - 253 gold pieces Weapons a - an uncursed +0 short sword b - 9 uncursed +0 daggers d - 30 uncursed +0 darts l - 14 blessed +0 darts p - 2 uncursed +0 spears q - an uncursed +0 orcish dagger s - 8 uncursed +0 daggers x - an uncursed +0 elven dagger Z - 5 blessed +0 daggers Armor c - a blessed +0 dwarvish cloak e - an uncursed +1 leather armor n - an uncursed +0 orcish helm r - an uncursed +0 dwarvish cloak y - an uncursed +1 dwarvish cloak z - an uncursed +0 pair of iron shoes F - an uncursed +0 dwarvish cloak G - a cursed -1 dwarvish cloak H - a blessed +0 dwarvish cloak N - an uncursed +0 dwarvish cloak Scrolls J - an uncursed scroll of food detection Potions E - an uncursed potion of paralysis S - an uncursed potion of water T - an uncursed potion of sickness Wands K - an uncursed wand of magic missile (0:4) L - an uncursed wand of magic missile (0:6) Tools i - an uncursed mirror k - an uncursed lock pick m - an uncursed tin whistle v - 3 uncursed tallow candles (0:200) B - an uncursed sack D - an uncursed mirror M - 11 uncursed wax candles (0:400) O - 6 blessed tallow candles (0:200) Q - an uncursed tin whistle Gems g - an uncursed worthless piece of yellowish brown glass w - 2 uncursed fluorite stones A - 2 uncursed worthless pieces of white glass I - an uncursed ruby P - 2 uncursed worthless pieces of violet glass R - an uncursed worthless piece of yellow glass Y - 2 uncursed worthless pieces of black glass Contents of the sack: 341 gold pieces an uncursed scroll of blank paper an uncursed scroll of fire an uncursed scroll of identify an uncursed scroll of scare monster an uncursed spellbook of detect monsters an uncursed spellbook of detect unseen an uncursed potion of blindness a blessed potion of paralysis an uncursed potion of restore ability an uncursed potion of sickness an uncursed ring of cold resistance a cursed -1 ring of gain strength an uncursed ring of levitation Spells and supernatural/magical abilities: Name Level Category Fail Memory W - pray for help -- divine ? -- Z - summon allies -- ability ? -- Your skills at the end: Fighting Skills Weapon Skills dagger [Skilled] short sword [Basic] Spellcasting Skills Final Attributes: You were piously aligned. You were poison resistant. You were level-drain resistant. You were telepathic. You were stealthy. You regenerated. You were a werejackal. You were in beast form. You survived. Vanquished creatures: a leprechaun a gnome king a fire ant 2 Mordor orcs an orc shaman a rock piercer a fog cloud a shrieker 6 gnome lords 3 gnomish wizards a red naga hatchling a ghoul a paper golem a floating eye 8 dwarves a kobold shaman a giant bat a monkey an orc zombie a werejackal an iguana 2 coyotes 2 hobbits 2 manes a hobgoblin a giant rat 2 red molds 26 gnomes 3 geckos 5 jackals a fox 2 kobolds 2 goblins a sewer rat 7 grid bugs a bat 5 lichens a kobold zombie 6 newts 106 creatures vanquished. Voluntary challenges: You had been an atheist until turn 2393. You used a wielded weapon 95 times, starting on turn 53. You read items or engraved 3 times, starting on turn 2129. You never genocided any monsters. You never polymorphed an object. You changed form 2 times, starting on turn 4025. You used no wishes. You never split a pudding. You wrote Elbereth's name 3 times, starting on turn 2129. You never violated your personal moral code. Dungeon overview: The Dungeons of Doom: levels 1 to 8 Level 1 a fountain a long staircase Level 2 Level 3 stairs to The Gnomish Mines Level 4 Level 5 some fountains Level 6 Level 7 Level 8 <- You were here The Gnomish Mines: levels 4 to 8 Level 4 stairs to The Dungeons of Doom Level 5 Level 6 many shops, a temple to Mog, some fountains Level 7 Level 8 History has recorded: On T:1 you entered the Dungeons of Doom to retrieve the Amulet of Yendor! On T:236 you reached level 2 of The Dungeons of Doom. On T:505 you advanced to experience level 2. On T:549 you reached level 3 of The Dungeons of Doom. On T:852 you reached level 1 of The Gnomish Mines. On T:893 you advanced to experience level 3. On T:963 you advanced to experience level 4. On T:1265 you advanced to experience level 5. On T:1362 you reached level 2 of The Gnomish Mines. On T:1740 you reached level 3 of The Gnomish Mines. On T:1805 you advanced to experience level 6. On T:1851 you reached level 4 of The Gnomish Mines. On T:2042 you reached level 5 of The Gnomish Mines. On T:3290 you reached level 4 of The Dungeons of Doom. On T:3459 you reached level 5 of The Dungeons of Doom. On T:3813 you reached level 6 of The Dungeons of Doom. On T:3897 you reached level 7 of The Dungeons of Doom. On T:3985 you reached level 8 of The Dungeons of Doom. Score breakdown: Gold: 594 ( 9437 points) Experience: 6 levels (12456 points) Exploration: 8 levels ( 16.67%) (11577 points) Discoveries: 3 items ( 1.01%) ( 3010 points) Valuables value: (no points given unless you survive) Artifact value: 0 ( 0 points) Variety of kills: 39 monsters ( 10.24%) ( 9598 points) Turncount: 4558 turns (-1217 points) Survival: quit (score multiplied by 90%) Total score: 40374 Latest messages: D - a looking glass. You have a little trouble lifting i - a looking glass. You have a little trouble lifting B - an uncursed sack. You have a little trouble lifting Y - 2 black gems. You have a little trouble lifting I - a red gem. You have a little trouble lifting P - 2 violet gems. You have a little trouble lifting A - 2 white gems. You have a little trouble lifting w - 2 white gems. You have a little trouble lifting R - a yellow gem. You have a little trouble lifting g - a yellowish brown gem. Your movements are slowed slightly because of your load. You turn into a werejackal! You have a special ability in this form: 'summon allies'. You can cast it like a spell. You can't even move a handspan with this load! You collapse under your load. (3x) You don't have that object. That is a silly thing to drink. You are physically incapable of throwing anything. To quit the game, use the 'save' command (typically on 'S'). Final status: Goodbye slyhack the Rogue, quit... You quit in The Dungeons of Doom on dungeon level 8 with 40374 points, and 594 pieces of gold, after 4558 moves. You were level 6 with a maximum of 53 hit points when you quit.